 Dungeon Crawl Stone Soup version 0.23.2-1-ga50397a (webtiles) character file.

Game seed: 17677530686483241426

262 Fang the Skirmisher (level 6, -3/58 HPs)
             Began as a Gargoyle Berserker on Apr 16, 2019.
             Was a Believer of Trog.
             Slain by an ogre
             ... wielding a +0 giant club
              (24 damage)
             ... on level 4 of the Dungeon.
             The game lasted 00:02:29 (1929 turns).

Fang the Skirmisher (Gargoyle Berserker)            Turns: 1929, Time: 00:02:29

Health: -3/58      AC: 16    Str: 28    XL:     6   Next: 18%
Magic:  6/6        EV:  9    Int:  7    God:    Trog [**....]
Gold:   160        SH:  0    Dex:  9    Spells: 5/5 levels left

rFire    . . .     SeeInvis .   a - +0 hand axe
rCold    . . .     Gourm    .   (no shield)
rNeg     + + .     Faith    .   b - +0 chain mail
rPois    ∞         Spirit   .   t - +1 helmet
rElec    +         Reflect  .   (no cloak)
rCorr    .         Harm     .   (no gloves)
MR       .....                  (no boots)
Stlth    ..........             (no amulet)
HPRegen  0.19/turn              f - ring of positive energy
MPRegen  0.10/turn              (no ring)

@: berserking, very quick
A: negative energy resistance 1, electricity resistance, unbreathing,
petrification resistance, rot immunity, AC +4
a: Berserk, Trog's Hand, Renounce Religion


You were on level 4 of the Dungeon.
You worshipped Trog.
Trog was pleased with you.
You were not hungry.

You visited 1 branch of the dungeon, and saw 4 of its levels.

You collected 160 gold pieces.

Inventory:

Hand Weapons
 a - a +0 hand axe (weapon)
Armour
 b - a +0 chain mail (worn)
 t - a +1 helmet (worn)
Jewellery
 f - a ring of positive energy (left hand)
 m - an uncursed ring of resist corrosion {unknown}
Scrolls
 i - a scroll of fog {unknown}
 j - a scroll of magic mapping {unknown}
 k - a scroll of enchant weapon {unknown}
 l - a scroll of immolation {unknown}
 o - 4 scrolls of remove curse {unknown}
 q - 3 scrolls of identify {unknown}
 r - 2 scrolls of noise {unknown}
 s - a scroll of enchant armour {unknown}
 u - a scroll of teleportation {unknown}
 v - a scroll of amnesia {unknown}
Potions
 d - a potion of might {unknown}
 e - 3 potions of curing {unknown}
 h - 2 potions of invisibility {unknown}
 n - 2 potions of haste {unknown}
 p - a potion of agility {unknown}
Comestibles
 c - 11 rations
 g - 6 chunks of flesh


   Skills:
 + Level 4.6 Fighting
 + Level 3.7 Axes
 + Level 3.9 Armour
 + Level 2.9 Dodging


You had 5 spell levels left.
You didn't know any spells.
Your spell library was empty.

Dungeon Overview and Level Annotations

Branches:
Dungeon (4/15)
 Temple: D:4-7

Altars:
Fedhas
Gozag
Kikubaaqudgha


Innate Abilities, Weirdness & Mutations

You are resistant to torment.
Your stone body is resilient. (AC +4)
You are immune to poison.
You resist negative energy. (rN+)
You are resistant to electric shocks. (rElec)
You can survive without breathing.
You are immune to petrification.
You are immune to rotting.


Message History

g - 6 chunks of flesh (gained 1)
You see here an adder skeleton. x2
You hear the quick hiss of a distant avalanche of sand.
Found a stone staircase leading up.
Found an escape hatch in the floor.
Found a chain mail and 18 sling bullets.
No target in view!
No target in view!
c - 11 rations (gained 1)
You open the door.
An ogre comes into view. It is wielding a +0 giant club.
The ogre shouts!
There is an open door here.
An ogre is nearby!
An ogre is nearby!
The ogre hits you with a +0 giant club!
A red film seems to cover your vision as you go berserk!
You feel yourself moving faster!
You feel mighty!
You feel a lot more hungry.
The ogre hits you with a +0 giant club!!
You die...

................# ##.##.....#.#
.......########.# #.##'###.#.#
.......# ###+#### #.#...##.#.#
.....).######......###...|.##.#..
.....÷)............'.......##.###
...................####...[##.#
##.................###.....##.###
#.....######......'.+...........
#.....# #...@O.# #.....##.###
#.....# ###'#### ###.####.#
#.....# #.# #.## #.# #.....# #.#
######..# #.# #.....#
#.###.>...#.# #.# #.....#
#.........#..##.# #.....#
#.........##.##.# #######
#........<....#.# #.............#


You could see an ogre.

Vanquished Creatures
  An orc wizard (D:4)
  2 orc priests (D:4)
  An iguana (D:4)
  A worker ant (D:3)
  2 adders (D:4)
  An ooze (D:3)
  An adder skeleton (D:4)
  3 worms (D:2)
  3 dart slugs
  3 leopard geckos
  10 orcs (D:4)
  2 giant cockroaches (D:3)
  9 goblins
  4 hobgoblins
  4 quokkas
  8 bats
  2 frilled lizards
  11 kobolds
  5 rats
73 creatures vanquished.

Notes
Turn   | Place    | Note
-------+----------+-------------------------------------------
     0 | D:1      | Fang the Gargoyle Berserker began the quest for the Orb.
     0 | D:1      | Reached XP level 1. HP: 14/14 MP: 1/1
    74 | D:1      | Reached XP level 2. HP: 9/19 MP: 2/2
   408 | D:1      | You fall through a shaft!
   409 | D:2      | Found an opulent altar of Gozag.
   509 | D:2      | Reached XP level 3. HP: 18/23 MP: 3/3
   616 | D:2      | Reached ** piety under Trog
   964 | D:3      | Reached XP level 4. HP: 24/29 MP: 4/4
  1014 | D:3      | Reached skill level 4 in Fighting
  1273 | D:3      | Found an ancient bone altar of Kikubaaqudgha.
  1275 | D:3      | Found a blossoming altar of Fedhas.
  1444 | D:4      | Reached XP level 5. HP: 22/33 MP: 5/5
  1756 | D:4      | Reached XP level 6. HP: 12/39 MP: 6/6
  1929 | D:4      | Slain by an ogre

Skill      XL: |  1  2  3  4 |
---------------+-------------+-----
Dodging        | 2 |  2.9
Axes           | 3 |  3.7
Armour         | 3 |  3.9
Fighting       | 4 |  4.6

Action                   |  1- 3 |  4- 6 || total
-------------------------+-------+-------++-------
Melee: Hand axe          |   119 |   134 ||   253
Invok: Berserk           |       |     3 ||     3
  Eat: Chunk             |       |     6 ||     6
Armor: Animal skin       |     9 |       ||     9
       Chain mail        |    62 |    97 ||   159
Dodge: Dodged            |    62 |    80 ||   142
